 Dungeon Crawl Stone Soup version 0.25-a0-743-g84dc20635f (webtiles) character file.

Game seed: 6250918039357834380, levelgen mode: deterministic

6607 Chiseanne the Destroyer (level 10, -2/61 (63) HPs)
             Began as a Demonspawn Wizard on Apr 13, 2020.
             Was a Follower of Vehumet.
             Slain by a troll (14 damage)
             ... on level 10 of the Dungeon.
             The game lasted 00:36:40 (13994 turns).

Chiseanne the Destroyer (Demonspawn Wizard)        Turns: 13994, Time: 00:36:40

HP:   -2/61 (63)    AC: 10    Str:  7    XL:     10   Next: 71%
MP:   0/25          EV: 12    Int: 23    God:    Vehumet [*.....]
Gold: 322           SH:  0    Dex: 12    Spells: 19/31 levels left

rFire    . . .     SeeInvis +   a - +7 spear (venom)
rCold    . . .     Gourm    .   (no shield)
rNeg     . . .     Faith    .   g - +0 robe
rPois    .         Spirit   +   b - +1 hat
rElec    .         Reflect  .   r - +2 cloak
rCorr    .         Harm     .   (no gloves)
MR       .....                  A - +1 pair of boots
Stlth    ++........             I - amulet of rage
HPRegen  0.20/turn              f - ring of see invisible
MPRegen  0.19/turn              (no ring)

@: lethally poisoned (-2 -> -3)
A: horns 1, iridescent scales 1, magic shield
a: Renounce Religion, Evoke Berserk Rage


You were on level 10 of the Dungeon.
You worshipped Vehumet.
Vehumet was aware of your devotion.
You were not hungry.

You visited 2 branches of the dungeon, and saw 11 of its levels.

You collected 749 gold pieces.
You spent 427 gold pieces at shops.

Inventory:

Hand Weapons
 a - a +7 spear of venom (weapon)
 s - a +3 quarterstaff of chaos
 w - a +0 hunting sling of venom
 J - a +2 flail of protection
Missiles
 e - 324 stones (quivered)
 i - 91 sling bullets
 j - 17 poisoned darts
 p - 178 arrows
 t - 7 throwing nets {!*}
 v - 38 bolts
 z - 21 boomerangs
 E - 8 silver javelins
Armour
 b - a +1 hat (worn)
 g - a +0 robe (worn)
 r - a +2 cloak (worn)
 y - a cursed +0 buckler
 A - a +1 pair of boots (worn)
 K - a +0 kite shield
Jewellery
 f - a ring of see invisible (left hand)
 C - an uncursed ring of fire
 I - an amulet of rage (around neck)
Wands
 L - a wand of polymorph (12)
 M - a wand of digging (5)
Scrolls
 k - 3 scrolls of enchant armour
 m - 6 scrolls of remove curse
 o - a scroll of immolation
 H - 4 scrolls of magic mapping
Potions
 c - 2 potions of berserk rage {unknown}
 h - 4 potions of curing
 l - 2 potions of stabbing {unknown}
 n - 4 potions of lignification
 q - 2 potions of cancellation
 u - a potion of invisibility
 x - a potion of brilliance
 B - 2 potions of haste {unknown}
 D - a potion of resistance
 F - a potion of might
 G - a potion of heal wounds {unknown}
Miscellaneous
 N - a phantom mirror
Comestibles
 d - 18 rations
 O - 2 chunks of flesh


   Skills:
 - Level 1.7 Dodging
 - Level 1.7 Stealth
 * Level 11.0 Spellcasting
 * Level 11.5 Conjurations
   Level 1.0 Summonings
 - Level 0.8 Translocations


You had 19 spell levels left.
You knew the following spells:

 Your Spells              Type           Power        Failure   Level  Hunger
a - Magic Dart            Conj           ####         1%          1    None
b - Blink                 Tloc           N/A          5%          2    None
c - Foxfire               Conj/Fire      ####         1%          1    None
d - Mephitic Cloud        Conj/Pois/Air  ####....     3%          3    None
e - Ensorcelled Hibernat  Hex/Ice        ##....       8%          2    None
f - Dazzling Flash        Conj/Hex       #####.       1%          3    None

Your spell library contained the following spells:

 Spells                   Type           Power        Failure   Level  Hunger
 Conjure Flame            Conj/Fire      #####...     1%          3    None
 Beastly Appendage        Tmut           ##....       4%          1    None
 Corona                   Hex            ##.....      4%          1    None
 Call Imp                 Summ           ###.....     4%          2    None
 Slow                     Hex            ##......     8%          2    None
 Sticks to Snakes         Tmut           ##......     8%          2    None
 Confusing Touch          Hex            ##......     16%         3    None
 Spider Form              Tmut/Pois      ##........   16%         3    None
 Tukima's Dance           Hex            ##......     16%         3    None
 Ice Form                 Ice/Tmut       ##......     45%         4    None
 Blade Hands              Tmut           ##........   80%         5    ####...
 Malign Gateway           Summ/Tloc      ###.......   100%        7    #######
 Monstrous Menagerie      Summ           ###.......   100%        7    #######
 Summon Greater Demon     Summ           ###.......   100%        7    #######
 Summon Horrible Things   Summ           ###.......   100%        8    #######


Dungeon Overview and Level Annotations

Branches:
Dungeon (10/15)            Temple (1/1) D:7
   Lair: D:8-11         Orc: D:9-12

Altars:
Ashenzari
Dithmenos
Elyvilon
Fedhas
Gozag
Hepliaklqana
Kikubaaqudgha
Makhleb
Nemelex Xobeh
Okawaru
Ru
Sif Muna
Trog
Uskayaw
Vehumet
Wu Jian
Xom
Yredelemnul
Zin
The Shining One

Shops:
D:6 *   D:7 !

Annotations:
D:7 1 runed translucent door, karf's ghost, novice DrBe


Innate Abilities, Weirdness & Mutations

You have a pair of small horns on your head.
You are partially covered in iridescent scales. (AC +2)
When hurt, damage is shared between your health and your magic reserves.


Message History

You puncture the howler monkey skeleton!
You destroy the howler monkey skeleton!
Vehumet accepts your kill.
You feel sick.
The hound is engulfed in noxious fumes.
The hound appears confused.
The troll is engulfed in noxious fumes.
The troll appears confused.
The hound is engulfed in noxious fumes.
The hound appears confused.
You see here a killer bee corpse.
The troll is engulfed in noxious fumes.
The troll appears confused.
The troll bites the hound!
The hound is killed!
Vehumet accepts your kill.
You feel your power returning.
You hit the troll.
The troll is poisoned.
The troll is lightly wounded.
The troll is engulfed in noxious fumes.
The troll appears confused.
The troll bites you! The troll claws you!
* * * LOW HITPOINT WARNING * * *
The troll claws you!
You die...

#. #.........#
#.##.....†...#.#
#..#.######.##.#### #.##.#.#
#.# .#..##. #......##
#.##.......
###.##.)#####.#.......$
#.##.....†°.......#
#..#.#####T°....### .# #.#.#
##@†..#+ ..####...#####.....#
.[..........#.....##
..................#
...................#
...................#+ #..
....................######...
......................##....
...........................


You could see a troll (confused).

Vanquished Creatures
  Grinder (D:6)
  A hippogriff (D:9)
  Eustachio (D:5)
  A black bear (D:8)
  5 orc warriors
  3 ice beasts
  2 sky beasts
  8 ogres
  A necrophage (D:7)
  5 centaurs
  A big kobold (D:7)
  4 bullfrogs
  6 gnoll sergeants
  A wyvern skeleton (D:6)
  4 killer bees (D:10)
  5 scorpions
  5 wights
  A howler monkey (D:4)
  2 crimson imps
  A quasit (D:6)
  A bullfrog zombie (D:6)
  A jelly (D:9)
  9 hounds
  A bullfrog skeleton (D:9)
  6 orc priests
  Crazy Yiuf (D:5)
  2 centaur skeletons
  An iguana (D:4)
  2 gnoll shamans (D:6)
  9 worker ants
  20 orc wizards
  Ijyb (D:5)
  4 hound skeletons
  A worker ant zombie (D:7)
  35 gnolls
  A howler monkey skeleton (D:10)
  13 adders
  5 shadow imps
  3 adder skeletons
  A worm (D:4)
  3 dart slugs
  6 leopard geckos
  39 orcs
  4 giant cockroaches
  9 hobgoblins
  12 jackals
  A quokka (D:2)
  2 ball pythons
  10 bats
  8 frilled lizards
  14 goblins
  13 kobolds
  14 rats
310 creatures vanquished.

Vanquished Creatures (others)
  An orc (D:9)
  2 foxfires (D:10)
3 creatures vanquished.

Grand Total: 313 creatures vanquished

Notes
Turn   | Place    | Note
-------+----------+-------------------------------------------
     0 | D:1      | Chiseanne the Demonspawn Wizard began the quest for the
                  | Orb.
     0 | D:1      | Reached XP level 1. HP: 13/13 MP: 4/4
   218 | D:1      | Gained mutation: You are partially covered in iridescent
                  | scales. (AC +2) [demonic ancestry]
   218 | D:1      | Reached XP level 2. HP: 12/19 MP: 0/6
  1024 | D:1      | Gained mutation: You have a pair of small horns on your
                  | head. [demonic ancestry]
  1024 | D:1      | Reached XP level 3. HP: 24/24 MP: 2/8
  2111 | D:2      | Found a blossoming altar of Fedhas.
  2134 | D:2      | Found a basalt altar of Yredelemnul.
  2231 | D:2      | Reached XP level 4. HP: 30/30 MP: 5/9
  2406 | D:2      | Found an ancient bone altar of Kikubaaqudgha.
  2672 | D:2      | Found a white marble altar of Elyvilon.
  2745 | D:3      | Noticed an orc warrior
  2809 | D:2      | Learned a level 2 spell: Blink
  2813 | D:2      | Learned a level 3 spell: Mephitic Cloud
  2965 | D:3      | Gained mutation: When hurt, damage is shared between your
                  | health and your magic reserves. [demonic ancestry]
  2965 | D:3      | Reached XP level 5. HP: 10/35 MP: 0/11
  3234 | D:3      | Killed an orc warrior
  3553 | D:3      | Noticed an ogre
  3573 | D:3      | Killed an ogre
  3573 | D:3      | Reached skill level 5 in Spellcasting
  3573 | D:3      | Reached XP level 6. HP: 31/41 MP: 4/13
  3974 | D:3      | Found a sacrificial altar of Ru.
  4412 | D:4      | Reached skill level 5 in Conjurations
  4467 | D:4      | Reached XP level 7. HP: 34/46 MP: 2/15
  5652 | D:5      | Entered Level 5 of the Dungeon
  5788 | D:5      | Learned a level 3 spell: Dazzling Flash
  5843 | D:5      | Reached XP level 8. HP: 52/52 MP: 12/18
  5969 | D:5      | Noticed Ijyb
  5988 | D:5      | Killed Ijyb
  6374 | D:5      | Noticed Eustachio
  6461 | D:5      | Killed Eustachio
  6713 | D:5      | Found a runed translucent door.
  6714 | D:5      | Noticed Crazy Yiuf
  6722 | D:5      | Killed Crazy Yiuf
  7715 | D:6      | Found Peunimy's General Store.
  7726 | D:6      | Bought a +1 pair of boots for 172 gold pieces
  7770 | D:6      | Reached XP level 9. HP: 34/57 MP: 10/21
  8032 | D:6      | Learned a level 2 spell: Ensorcelled Hibernation
  8616 | D:6      | Noticed Grinder
  8636 | D:6      | Killed Grinder
  9701 | D:7      | Found Unnurat's Distillery.
  9715 | D:7      | Found a runed translucent door.
  9905 | D:7      | Bought a potion of degeneration for 15 gold pieces
  9905 | D:7      | Bought 2 potions of invisibility for 240 gold pieces
  9907 | D:7      | Noticed karf's ghost (novice DrBe)
 10013 | D:7      | Reached skill level 10 in Conjurations
 10629 | D:7      | Found a burning altar of Makhleb.
 10852 | D:7      | Reached XP level 10. HP: 61/61 MP: 17/23
 11191 | D:7      | Found a bloodstained altar of Trog.
 11216 | D:7      | Found a staircase to the Ecumenical Temple.
 11262 | D:7      | Found a shadowy altar of Dithmenos.
 11264 | D:7      | You fall into a shaft and drop 1 floor!
 11320 | D:8      | Reached skill level 10 in Spellcasting
 12042 | Temple   | Entered the Ecumenical Temple
 12046 | Temple   | Became a worshipper of Vehumet
 12813 | D:9      | Found an opulent altar of Gozag.
 13393 | D:9      | Found a shattered altar of Ashenzari.
 13618 | D:9      | Found a hazy altar of Hepliaklqana.
 13715 | D:10     | Entered Level 10 of the Dungeon
 13762 | D:10     | Reached * piety under Vehumet
 13762 | D:10     | Offered knowledge of Foxfire by Vehumet.
 13927 | D:10     | Learned a level 1 spell: Foxfire
 13994 | D:10     | Slain by a troll

Levels and vault maps discovered:
D:1:      dpeg_arrival_oval, layout_basic, serial_co_window_serial,
          co_window_corner_a, co_window_of_opportunity_a, co_window_corner_a,
          co_window_corner_a, co_window_paths_a, co_window_paths_c,
          co_window_corner_cb, co_window_2corner, glass_columns_c,
          glass_columns_c, glass_columns_c, glass_columns_b, glass_columns_a,
          minmay_heptomino_h4
D:2:      layout_rooms, elyvilon_altar_3, overflow_temple_1_default,
          lemuel_crystal_altar, kiku_gazebo_garden_becter
D:3:      layout_loops_ring, nicolae_ru_the_path_less_chosen
D:4:      layout_basic
D:5:      layout_loops_corners, first_ration, uniq_eustachio, uniq_ijyb,
          uniq_crazy_yiuf_cottage
D:6:      layout_cave_pools, serial_gnoll_camp, gnoll_camp_medium_01,
          gnoll_camp_mini_sergeant, gnoll_camp_mini_shop, gnoll_camp_huts_basic,
          gnoll_camp_mini_hut, grunt_tough_drop, uniq_grinder
D:7:      layout_basic, makhleb_blood_cavern_becter, overflow_temple_1_default,
          grunt_dithmenos_smoke, minmay_temple_entry_antechambers, serial_shops,
          shop_coins, ebering_ghost_reflecting_pool,
          minmay_a_box_with_orc_wizards_in_it
D:8:      layout_cave_pools, grunt_ogre_cave, hangedman_decor_points
D:9:      layout_cave_pools, nicolae_gozag_seed_capital, ashenzari_altar_1,
          lemuel_coloured_pillars_altar
D:10:     layout_rooms, minivault_22, minmay_crystal_water
Temple:   nicolae_temple_x_marks_the_god

Skill      XL: |  1  2  3  4  5  6  7  8  9 10 |
---------------+-------------------------------+-----
Conjurations   | 2 3 4 5 6 8 10 11 | 11.5
Spellcasting   | 4 5 6 8 9 11 | 11.0
Dodging        | |  1.7
Stealth        | |  1.7
Summonings     | |  1.0
Translocations | |  0.8

Action                   |  1- 3 |  4- 6 |  7- 9 | 10-12 || total
-------------------------+-------+-------+-------+-------++-------
Melee: Club              |    14 |       |       |       ||    14
       Dagger            |    26 |    41 |   158 |       ||   225
       Headbutt          |     1 |     3 |    43 |    24 ||    71
       Spear             |       |       |   131 |   124 ||   255
       Quarterstaff      |       |       |    13 |    34 ||    47
 Cast: Magic Dart        |    93 |   100 |   307 |   136 ||   636
       Mephitic Cloud    |       |     5 |    31 |    23 ||    59
       Dazzling Flash    |       |       |     8 |     2 ||    10
       Blink             |       |       |     3 |     5 ||     8
       Ensorcelled Hiber |       |       |     1 |       ||     1
       Foxfire           |       |       |       |     2 ||     2
Evoke: Wand              |       |       |     7 |       ||     7
  Use: Scroll            |     5 |     9 |     6 |     3 ||    23
       Potion            |       |       |     2 |       ||     2
 Stab: Sleeping          |     1 |     3 |     1 |     1 ||     6
       Confused          |       |       |     6 |     9 ||    15
       Invisible         |       |       |     4 |       ||     4
  Eat: Chunk             |     4 |     7 |    19 |    11 ||    41
Armor: Robe              |    42 |    14 |   119 |   109 ||   284
Dodge: Dodged            |    66 |    23 |   223 |   129 ||   441

Table legend:
 A = Non-vault XP
 B = Vault XP
 C = Vault XP percentage of total XP
 D = Non-vault monster count
 E = Vault monster count
 F = Vault count percentage of total count
                 A         B        C        D         E       F
            +---------+---------+-------+---------+---------+-------
      Total |    7289 |    2150 |  22.8 |     255 |      56 |  18.0
            +---------+---------+-------+---------+---------+-------
        D:1 |      61 |       3 |   4.7 |      29 |       2 |   6.5
        D:2 |      71 |       0 |   0.0 |      27 |       0 |   0.0
        D:3 |     372 |       0 |   0.0 |      31 |       0 |   0.0
        D:4 |     846 |       0 |   0.0 |      35 |       0 |   0.0
        D:5 |     678 |     290 |  30.0 |      19 |       4 |  17.4
        D:6 |     923 |    1391 |  60.1 |      25 |      42 |  62.7
        D:7 |    1026 |     466 |  31.2 |      25 |       8 |  24.2
        D:8 |    1158 |       0 |   0.0 |      32 |       0 |   0.0
        D:9 |    1028 |       0 |   0.0 |      18 |       0 |   0.0
       D:10 |    1126 |       0 |   0.0 |      14 |       0 |   0.0
            +---------+---------+-------+---------+---------+-------
